 Dungeon Crawl Stone Soup version 0.27-a0-1597-ge58577e147 (webtiles) character file.

Game seed: 11822235244884372489

9621 Mitsuki the Blocker (level 11, -1/99 HPs)
             Began as a Minotaur Fighter on July 20, 2021.
             Was a Priest of Yredelemnul.
             Slain by a shadow (8 damage)
             ... on level 11 of the Dungeon on July 21, 2021.
             The game lasted 00:34:15 (13090 turns).

Mitsuki the Blocker (Minotaur Fighter)             Turns: 13090, Time: 00:34:16

Health: -1/99      AC: 18    Str: 24    XL:     11   Next: 25%
Magic:  15/15      EV:  3    Int:  5    God:    Yredelemnul [***...]
Gold:   499        SH:  0    Dex: 10    Spells: 10/10 levels left

rFire    . . .     SeeInvis .   a - +0 long sword
rCold    . . .     Faith    .   c - +1 kite shield
rNeg     . . .     Spirit   .   e - +0 plate armour
rPois    .         Reflect  .   (helmet restricted)
rElec    .         Harm     .   (no cloak)
rCorr    .         Rampage  .   (no gloves)
Will     .....                  D - +2 pair of boots
Stlth    ..........             I - amulet of regeneration
HPRegen  1.26/turn              (no ring)
MPRegen  0.14/turn              (no ring)

@: lethally poisoned (-1 -> -21), held, slowed, very slow
A: horns 2, retaliatory headbutt
a: Renounce Religion, Recall Undead Slaves, Injury Mirror, Animate Dead


You were on level 11 of the Dungeon.
You worshipped Yredelemnul.
Yredelemnul was most pleased with you.
You visited 2 branches of the dungeon, and saw 12 of its levels.
You also visited: Sewer.

You collected 513 gold pieces.
You spent 14 gold pieces at shops.

Inventory:

Hand Weapons
 a - a +0 long sword (weapon)
Missiles
 y - a curare-tipped dart (quivered)
 J - 5 atropa-tipped darts
Armour
 c - a +1 kite shield (worn)
 d - the -2 pair of boots of Uzuyd {rElec}
   (You found it on level 4 of the Dungeon)

   rElec:     It insulates you from electricity.
 e - a +0 plate armour (worn)
 A - a scarf of shadows
 D - a +2 pair of boots (worn)
Jewellery
 k - a ring of fire
 I - an amulet of regeneration (around neck)
Wands
 h - a wand of acid (9)
 x - a wand of charming (9)
Scrolls
 b - 2 scrolls of magic mapping
 j - a scroll of amnesia {unknown}
 o - a scroll of holy word {unknown}
 p - a scroll of fear {unknown}
 u - a scroll of brand weapon {unknown}
 w - 4 scrolls of teleportation {unknown}
 B - a scroll of noise {unknown}
 E - a scroll of vulnerability {unknown}
 H - a scroll of silence {unknown}
 K - a scroll of identify
Potions
 f - 4 potions of invisibility
 g - 5 potions of cancellation
 i - 2 potions of curing
 l - 2 potions of magic
 m - 3 potions of lignification
 n - 5 potions of heal wounds
 q - a potion of resistance
 r - a potion of mutation
 s - a potion of flight
 t - a potion of might
 v - a potion of ambrosia {unknown}
 z - 3 potions of brilliance {unknown}
 C - a potion of haste
 F - 2 potions of attraction
 G - a potion of berserk rage {unknown}


   Skills:
 + Level 10.1 Fighting
 + Level 9.8 Long Blades
 + Level 10.2 Armour
 + Level 10.2 Shields
 * Level 7.8 Invocations


You had 10 spell levels left.
You didn't know any spells.
Your spell library was empty.

Dungeon Overview and Level Annotations

Branches:
Dungeon (11/15)            Temple (1/1) D:5            Lair (0/6) D:8
    Orc (0/2) D:9           Sewer (visited)

Altars:
Ashenzari
Cheibriados
Dithmenos
Elyvilon
Fedhas
Gozag
Hepliaklqana
Kikubaaqudgha
Makhleb
Nemelex Xobeh
Okawaru
Qazlal
Ru
Sif Muna
Trog
Uskayaw
Vehumet
Wu Jian
Xom
Yredelemnul
Zin
The Shining One
Jiyva

Shops:
D:5 !   D:10 [*

Annotations:
D:11 Harold, Sonja


Innate Abilities, Weirdness & Mutations

You have a pair of horns on your head.
You reflexively headbutt those who attack you in melee.


Message History

The shadow hits you.
You take 15 damage, and have 70/99 hp.
You struggle against the net.
You feel extremely sick.
Sonja gestures wildly while chanting.
Sonja blinks!
The shadow slips into darkness.
The shadow flickers and vanishes!
Deactivating autopickup; reactivate with Ctrl-A.
Harold hits you but does no damage.
The shadow strikes at you from the darkness!
Reactivating autopickup.
You take 28 damage, and have 42/99 hp.
MASSIVE DAMAGE!!
You struggle against the net.
You feel extremely sick.
Harold hits you with a +0 mace of protection!
* * * LOW HITPOINT WARNING * * *
A gargoyle comes into view. It is wielding a +0 flail.
Sonja throws a curare-tipped dart.
The curare-tipped dart hits you.
You are more poisoned.
You have difficulty breathing.
* * * LOW HITPOINT WARNING * * *
You feel as though you will be slow longer.
Harold hits you with a +0 mace of protection!!
* * * LOW HITPOINT WARNING * * *
The shadow hits you.
Sonja casts a spell.
Sonja blinks!
Harold hits you but does no damage.
You take 41 damage, and have 1/99 hp.
MASSIVE DAMAGE!!
You feel much better.
You feel extremely sick. Harold hits you but does no damage.
Sonja throws a curare-tipped dart.
The curare-tipped dart hits you.
You are lethally poisoned!
You have difficulty breathing.
* * * LOW HITPOINT WARNING * * *
You feel as though you will be slow longer.
The shadow hits you. Harold hits you but does no damage. The shadow hits you!
You die...
Your body rises from the dead as a mindless zombie.

#.##...... .
##.........
.###..........
............
#........###
#...........
...#...W.......
.......@......ยง
.......@.......
.##............
##...........
#9..........
...?...#.K..
....#..###...
...###... ...


You could see Harold (fast), Sonja, a gargoyle and a shadow.

Vanquished Creatures
  2 two-headed ogres
  Pikel (D:3)
  Maggie (D:8)
  2 trolls
  Grinder (D:6)
  A slime creature (D:7)
  A hornet (D:9)
  12 yaks
  3 vampire mosquitoes (D:7)
  Menkaure (D:7)
  An acid dragon (D:9)
  4 water moccasins
  The ghost of micdi the Chiller, an amateur DEIE (D:4)
  3 orc warriors
  A sky beast (D:6)
  4 black bears
  An ice beast (D:7)
  3 centaurs
  An ogre (D:7)
  5 necrophages
  A lemure (D:3)
  A phantom (D:4)
  A gnoll sergeant (D:7)
  3 kobold brigands
  A wyvern zombie (D:6)
  A scorpion (D:5)
  3 wights (D:7)
  A howler monkey (D:9)
  A crimson imp (D:9)
  2 bullfrog zombies (D:5)
  2 centaur zombies
  5 hounds
  4 jellies
  A centaur skeleton (D:7)
  An iguana (D:5)
  4 orc priests
  A gnoll shaman (D:7)
  Jessica (D:3)
  5 orc wizards
  A hound zombie (D:5)
  A howler monkey zombie (D:5)
  11 adders
  6 gnolls
  2 howler monkey skeletons
  9 river rats
  2 shadow imps
  2 white imps
  2 ufetubi
  An adder skeleton (D:5)
  4 worms
  2 dart slugs (D:2)
  19 orcs
  9 ball pythons
  12 endoplasms
  5 giant cockroaches
  3 goblins
  8 hobgoblins
  10 jackals
  35 kobolds
  5 quokkas
  4 bats
  3 frilled lizards
  20 rats
264 creatures vanquished.

Vanquished Creatures (collateral kills)
  3 yaks (D:10)
  An orc warrior (D:7)
  2 ogres (D:7)
  2 jellies (D:8)
  2 orc wizards (D:9)
  3 gnolls (D:7)
  A white imp (D:7)
  An orc (D:9)
15 creatures vanquished.

Vanquished Creatures (others)
  An ogre zombie (D:7)
  2 yak zombies (D:10)
  A gnoll zombie (D:7)
  2 hound skeletons (D:7)
  A kobold zombie (D:7)
  A necrophage skeleton (D:8)
  An ogre skeleton (D:7)
  3 orc zombies
  4 fungi (D:1)
  2 plants (D:1)
18 creatures vanquished.

Grand Total: 297 creatures vanquished

Notes
Turn   | Place    | Note
-------+----------+-------------------------------------------
     0 | D:1      | Mitsuki the Minotaur Fighter began the quest for the Orb.
     0 | D:1      | Reached XP level 1. HP: 19/19 MP: 0/0
   113 | D:1      | Reached XP level 2. HP: 27/27 MP: 1/1
   617 | D:1      | Found a faded altar of an unknown god.
   692 | D:1      | Reached XP level 3. HP: 24/33 MP: 2/2
  1176 | D:2      | Found a white marble altar of Elyvilon.
  1261 | D:2      | Reached XP level 4. HP: 40/40 MP: 3/3
  1597 | D:3      | Noticed Jessica
  1602 | D:3      | Killed Jessica
  1623 | D:3      | Found a glowing drain.
  1649 | Sewer    | Entered a sewer
  1891 | Sewer    | Reached XP level 5. HP: 34/47 MP: 4/4
  2619 | Sewer    | Reached skill level 5 in Shields
  2622 | Sewer    | Reached skill level 5 in Fighting
  2622 | Sewer    | Reached skill level 5 in Armour
  2622 | Sewer    | Reached XP level 6. HP: 38/56 MP: 5/5
  3866 | D:4      | Noticed Pikel
  3887 | D:3      | Killed Pikel
  3888 | D:3      | Reached skill level 5 in Long Blades
  3888 | D:3      | Reached XP level 7. HP: 16/64 MP: 6/6
  4191 | D:4      | Reached XP level 8. HP: 51/71 MP: 7/7
  4326 | D:4      | Found a runed translucent door.
  4329 | D:4      | Noticed micdi's ghost (amateur DEIE)
  4374 | D:4      | Identified the -2 pair of boots of Uzuyd {rElec}
  4632 | D:4      | Found a runed translucent door.
  4981 | D:4      | Killed micdi's ghost
  5016 | D:5      | Entered Level 5 of the Dungeon
  5734 | D:5      | Found a staircase to the Ecumenical Temple.
  5755 | Temple   | Entered the Ecumenical Temple
  5982 | Temple   | Became a worshipper of Yredelemnul the Dark
  6128 | D:5      | Found Pihiw's Distillery.
  6131 | D:5      | Bought a potion of degeneration for 14 gold pieces
  6216 | D:6      | Reached skill level 1 in Invocations
  6216 | D:6      | Reached XP level 9. HP: 81/81 MP: 8/8
  7535 | D:6      | Noticed Grinder
  7535 | D:6      | Paralysed by Grinder for 6 turns
  7563 | D:6      | Paralysed by Grinder for 7 turns
  7579 | D:6      | Killed Grinder
  7827 | D:7      | Reached * piety under Yredelemnul
  8292 | D:7      | Upgraded the game from 0.27-a0-1595-g0b823d0a13 to
                  | 0.27-a0-1597-ge58577e147
  8419 | D:7      | Noticed a two-headed ogre
  8419 | D:7      | Noticed Menkaure
  8424 | D:7      | Killed Menkaure
  8440 | D:7      | Reached XP level 10. HP: 77/90 MP: 12/12
  8454 | D:7      | Killed a two-headed ogre
  8455 | D:7      | Reached skill level 5 in Invocations
  8458 | D:7      | Reached ** piety under Yredelemnul
  9579 | D:7      | Found an ornate altar of the Wu Jian Council.
 10351 | D:8      | Noticed Maggie
 10373 | D:8      | Killed Maggie
 10602 | D:8      | Found a viscous altar of Jiyva.
 10655 | D:8      | Found a staircase to the Lair.
 11067 | D:9      | Paralysed by a hornet for 3 turns
 11072 | D:9      | Paralysed by a hornet for 1 turns
 11614 | D:9      | Found a staircase to the Orcish Mines.
 12059 | D:9      | Found a radiant altar of Vehumet.
 12060 | D:9      | Found a burning altar of Makhleb.
 12132 | D:10     | Entered Level 10 of the Dungeon
 12151 | D:10     | Found Zin's Purification Station.
 12151 | D:10     | Found a glowing silver altar of Zin.
 12175 | D:10     | Reached XP level 11. HP: 75/99 MP: 15/15
 12423 | D:10     | Found Daanoese's Armour Shop.
 12474 | D:10     | Reached *** piety under Yredelemnul
 12475 | D:10     | Reached skill level 10 in Armour
 12475 | D:10     | Reached skill level 10 in Shields
 12480 | D:10     | Reached skill level 10 in Fighting
 13021 | D:10     | Noticed a two-headed ogre
 13029 | D:10     | Killed a two-headed ogre
 13081 | D:11     | Noticed Sonja
 13081 | D:11     | Noticed Harold
 13089 | D:11     | HP: 1/99 [Harold (18)]
 13090 | D:11     | Slain by a shadow

Illustrated notes

Levels and vault maps discovered:
D:1:      lemuel_arrival_funnel, layout_basic,
          shapermc_ecumenical_altar_mp_urbaneastern
D:2:      layout_rooms, basic_altar, minmay_misc_feat_rows,
          minmay_misc_feat_columns, dk_vineyard_1
D:3:      layout_basic, portal_sewer_entry_b, uniq_jessica
D:4:      layout_loops_ring, ebering_ghost_sewer_f, grunt_ministairs_4,
          uniq_pikel
D:5:      black_bear_nest_1, layout_rooms,
          minmay_temple_entry_statues_fountains, serial_shops,
          nicolae_shop_behind_doors
D:6:      layout_loops_corners, uniq_grinder
D:7:      layout_loops_corners, marbit_many_paths, minmay_the_grid_2x2
          [minmay_the_grid_gridbox, minmay_the_grid_minigrid_small,
          minmay_the_grid_embedded, minmay_the_grid_prize_big_room],
          uniq_menkaure
D:8:      layout_cave_pools, lair_entry_dummy, jiyva_altar_1, uniq_maggie
D:9:      layout_irregular_city, grunt_temple_overflow_lords_of_destruction,
          orc_0_dummy, kennysheep_pointless_box, nicolae_underground_beach
D:10:     layout_roguey, zin_purify, serial_shops, nicolae_shop_crystal
D:11:     layout_cave_pools, small_statue_alley_a, minmay_pinched_square,
          uniq_sonja, uniq_grum, uniq_harold
Temple:   eino_narrow_crystal_temple

Skill      XL: |  1  2  3  4  5  6  7  8  9 10 11 |
---------------+----------------------------------+-----
Shields        | 4 5 6 7 8 9 10 | 10.2
Fighting       | 4 5 6 7 8 9 10 | 10.1
Armour         | 4 5 6 7 8 9 10 | 10.2
Long Blades    | 3 4 5 6 7 8 9 |  9.8
Invocations    | 1 4 7 |  7.8

Action                   |  1- 3 |  4- 6 |  7- 9 | 10-12 || total
-------------------------+-------+-------+-------+-------++-------
Melee: Long sword        |    82 |   202 |   332 |   313 ||   929
       Headbutt          |    12 |    33 |    62 |    85 ||   192
Invok: Animate Remains   |       |       |     6 |     8 ||    14
       Animate Dead      |       |       |       |     4 ||     4
       Recall Undead Sla |       |       |       |     1 ||     1
  Use: Scroll            |       |     2 |     4 |     6 ||    12
       Potion            |       |     1 |     1 |     5 ||     7
 Stab: Distracted        |       |       |     1 |     1 ||     2
Armor: Scale mail        |    55 |    92 |    12 |       ||   159
       Chain mail        |       |       |   105 |       ||   105
       Plate armour      |       |       |    15 |   144 ||   159
Dodge: Dodged            |    22 |    71 |    81 |    68 ||   242
Block: Kite shield       |    51 |   127 |   212 |   228 ||   618
       Rpst.: Long sword |     9 |    20 |    17 |    14 ||    60

Table legend: (Time is in decaauts)
 A = Elapsed time spent in this place.
 B = Non-inter-level travel time spent in this place.
 C = Inter-level travel time spent in this place.
 D = Time resting spent in this place.
 E = Time spent auto-exploring this place.
 F = Levels seen in this place.
 G = Mean time per level.
                   A        B        C        D        E       F      G
               +--------+--------+--------+--------+--------+-----+--------+
         Total |  13659 |  12856 |    803 |   2580 |   7913 |  13 | 1050.7 |
       Dungeon |  11960 |  11172 |    788 |   2218 |   6915 |  11 | 1087.3 |
        Temple |    242 |    227 |     15 |      0 |    213 |   1 |  242.0 |
         Sewer |   1456 |   1456 |      0 |    362 |    785 |   1 | 1456.0 |
               +--------+--------+--------+--------+--------+-----+--------+

Top non-repeatable levels by time:
     D:7: 2265 daAuts
     D:6: 1599 daAuts
     D:9: 1493 daAuts
   Sewer: 1456 daAuts
     D:3: 1188 daAuts
     D:4: 1166 daAuts
     D:8: 1058 daAuts
     D:1: 984 daAuts
     D:5: 853 daAuts
    D:10: 714 daAuts
     D:2: 626 daAuts
  Temple: 242 daAuts
    D:11: 10 daAuts
